 Dungeon Crawl Stone Soup version 0.28.0 (webtiles) character file.

Game seed: 7787410345490882088

217 BALLS the Slasher (level 5, -7/27 HPs)
             Began as a Vine Stalker Fighter on Feb 24, 2022.
             Mangled by an ogre (20 damage)
             ... on level 2 of the Dungeon.
             The game lasted 00:05:09 (3010 turns).

BALLS the Slasher (Vine Stalker Fighter)            Turns: 3010, Time: 00:05:09

Health: -7/27      AC:  7    Str: 20    XL:     5   Next: 94%
Magic:  0/6        EV:  9    Int:  8    God:
Gold:   152        SH:  4    Dex: 14    Spells: 4/4 levels left

rFire   . . .      SeeInvis .   a - +0 long sword
rCold   . . .      Faith    .   c - +0 buckler
rNeg    . . .      Spirit   +   b - +0 scale mail
rPois   .          Reflect  .   o - +0 helmet
rElec   .          Harm     .   (no cloak)
rCorr   .          Rampage  .   (no gloves)
Will    .....                   (no boots)
Stlth   ..........              (no amulet)
HPRegen 0.89/turn               (no ring)
MPRegen 0.10/turn               (no ring)

@: no status effects
A: fangs 2, regeneration 1, magic shield, antimagic bite, no potion heal 2
a: no special abilities


You were on level 2 of the Dungeon.
You visited 1 branch of the dungeon, and saw 3 of its levels.

You collected 152 gold pieces.

Inventory:

Hand Weapons
 a - a +0 long sword (weapon)
Missiles
 k - a throwing net (quivered)
Armour
 b - a +0 scale mail (worn)
 c - a +0 buckler (worn)
 o - a +0 helmet (worn)
Wands
 n - a wand of flame (15)
 p - a wand of paralysis (8)
Scrolls
 f - a scroll of enchant armour {unknown}
 g - 2 scrolls of identify {unknown}
 h - a scroll of vulnerability {unknown}
 i - 2 scrolls of noise {unknown}
 j - 2 scrolls of teleportation {unknown}
 l - a scroll of fog {unknown}
 m - a scroll of immolation {unknown}
Potions
 d - a potion of might
 e - 2 potions of haste {unknown}


   Skills:
 - Level 2.6 Fighting
 + Level 5.4 Long Blades
 - Level 2.4 Armour
 - Level 2.6 Shields


You had 4 spell levels left.
You didn't know any spells.
Your spell library was empty.

Dungeon Overview and Level Annotations

Branches:
Dungeon (3/15)

Altars:
Nemelex Xobeh
Vehumet
Xom


Innate Abilities, Weirdness & Mutations

You have extremely sharp teeth.
Your natural rate of healing is unusually fast.
When hurt, damage is shared between your health and your magic reserves.
Your bite disrupts and absorbs the magic of your enemies.
Potions cannot restore your health.


Message History

You miss Natasha.
Natasha is severely wounded.
Natasha barely misses you.
You closely miss Natasha. You bite Natasha, but do no damage.
Natasha is severely wounded.
Natasha closely misses you. Natasha barely misses you.
You slash Natasha!
You kill Natasha!
Natasha screams in fury as she dies!
Natasha, Servant of Life and Death comes into view.
Natasha hisses angrily.
You slash Natasha!
Natasha is heavily wounded.
Natasha barely misses you. You block Natasha's attack.
You slash Natasha!
You kill Natasha!
You feel Natasha's spirit has finally been put to rest.
Done exploring.
(D) Dungeon
Where to? (Enter - D:3, ? - help)
There is a sparkling altar of Nemelex Xobeh here.
Items here: ( )) ÷÷.
There is a stone staircase leading up here.
You climb upwards.
There is a stone staircase leading down here.
Done exploring.
Done exploring.
The ogre shouts!
You hit the ogre.
The ogre is lightly wounded.
You block the ogre's attack.
You slash the ogre! You bite the ogre. You drain its power.
The ogre is heavily wounded.
The ogre hits you with a +0 giant club!!
Ouch! That really hurt!
You slash the ogre!
The ogre is severely wounded.
The ogre hits you with a +0 giant club!!
Ouch! That really hurt!
You die...

#...##.#.#.###..##....#######
#.####.#.#.###...#....# ###. #.#
#.#.#..##...#....####... #.#
#.#.#................... #.#
#.#.###########)########
#####.####.#...# #.##.# #
#........#.#...# #....# #
#...>O...#..#########.###########
#..............O@................
#........##.#####################
#######..........# #..........#
#..........#
#..........################
#............†.............
#..........################
#..........#


You could see an ogre.

Vanquished Creatures
  Terence (D:3)
  Natasha (thrice) (D:3)
  5 adders (D:3)
  A worm (D:2)
  An orc (D:3)
  8 ball pythons
  3 bats (D:3)
  7 endoplasms
  A giant cockroach (D:1)
  6 hobgoblins
  3 jackals (D:1)
  3 quokkas
  7 frilled lizards
  9 goblins
  5 kobolds
  5 rats
68 creatures vanquished.

Notes
Turn   | Place    | Note
-------+----------+-------------------------------------------
     0 | D:1      | BALLS the Vine Stalker Fighter began the quest for the Orb.
     0 | D:1      | Reached XP level 1. HP: 11/11 MP: 2/2
    68 | D:1      | Found a faded altar of an unknown god.
   120 | D:1      | Reached skill level 2 in Long Blades
   245 | D:1      | Reached XP level 2. HP: 15/16 MP: 3/3
   668 | D:1      | Reached skill level 3 in Long Blades
   813 | D:1      | Reached XP level 3. HP: 4/19 MP: 2/4
  1382 | D:1      | Found a shimmering altar of Xom.
  1508 | D:2      | Noticed an ogre
  2436 | D:3      | Gained mutation: Your natural rate of healing is unusually
                  | fast. [Vine Stalker growth]
  2436 | D:3      | Reached XP level 4. HP: 22/23 MP: 5/5
  2547 | D:3      | Reached skill level 4 in Long Blades
  2621 | D:3      | Found a sparkling altar of Nemelex Xobeh.
  2647 | D:3      | Found a radiant altar of Vehumet.
  2708 | D:3      | Noticed Terence
  2733 | D:3      | Reached XP level 5. HP: 27/27 MP: 6/6
  2734 | D:3      | Killed Terence
  2816 | D:3      | Noticed Natasha
  2819 | D:3      | Killed Natasha
  2820 | D:3      | Reached skill level 5 in Long Blades
  2875 | D:3      | Noticed Natasha
  2883 | D:3      | Killed Natasha
  2898 | D:3      | Noticed Natasha
  2901 | D:3      | Killed Natasha
  3010 | D:2      | Mangled by an ogre

Illustrated notes

Levels and vault maps discovered:
D:1:      dpeg_arrival_water_altar, layout_basic,
          shapermc_ecumenical_altar_mp_urbaneastern
D:2:      minmay_recursive_quarters, layout_rooms
D:3:      minmay_diamond_boxcup, layout_rooms, vehumet_altar_wand_db,
          mainiacjoe_overflow_tiny_flanked, uniq_natasha, uniq_terence

Skill      XL: |  1  2  3  4  5 |
---------------+----------------+-----
Long Blades    | 2 3 4 5 |  5.4
Fighting       | |  2.6
Armour         | |  2.4
Shields        | |  2.6

Action                   |  1- 3 |  4- 6 || total
-------------------------+-------+-------++-------
Melee: Long sword        |   127 |    63 ||   190
       Bite              |    18 |    13 ||    31
Armor: Scale mail        |    47 |    29 ||    76
Dodge: Dodged            |    51 |    48 ||    99
Block: Buckler           |    33 |    18 ||    51
